 Dungeon Crawl Stone Soup version 0.23.0-3-gf3c87f2 (webtiles) character file.

Game seed: 13785954980474045640

8113 Lanoc the Spear-Bearer (level 11, -3/82 HPs)
             Began as an Octopode Wanderer on Feb 21, 2019.
             Was a Priest of Makhleb.
             Slain by an orc warrior
             ... wielding a +0 halberd
              (15 damage)
             ... on level 8 of the Dungeon.
             The game lasted 00:18:35 (10988 turns).

Lanoc the Spear-Bearer (Octopode Wanderer)         Turns: 10988, Time: 00:18:36

Health: -3/82      AC:  1    Str: 15    XL:     11   Next: 25%
Magic:  21/21      EV: 18    Int: 13    God:    Makhleb [***...]
Gold:   403        SH:  0    Dex: 13    Spells: 10/10 levels left

rFire    . . .     SeeInvis .   t - +8 glaive "Bishogi" {chop, +Inv rN+ MR+}
rCold    . . .     Gourm    .   (shield currently unavailable)
rNeg     + . .     Faith    .   (helmet restricted)
rPois    .         Spirit   .   (no amulet)
rElec    .         Reflect  .   v - ring of magical power
rCorr    .         Harm     .   (no ring)
MR       +....                  (no ring)
Stlth    ++........             (no ring)
HPRegen  0.23/turn              (no ring)
MPRegen  0.17/turn              (no ring)
                                (no ring)
                                (no ring)

@: hasted, very quick
A: almost no armour, stealthy swim, amphibious, 8 rings, constrict 8, camouflage
1, gelatinous body 1
a: Minor Destruction, Lesser Servant of Makhleb, Renounce Religion, Evoke
Invisibility


You were on level 8 of the Dungeon.
You worshipped Makhleb.
Makhleb was most pleased with you.
You were not hungry.

You visited 2 branches of the dungeon, and saw 11 of its levels.

You collected 493 gold pieces.
You spent 90 gold pieces at shops.

Inventory:

Hand Weapons
 t - the +8 glaive "Bishogi" (weapon) {chop, +Inv rN+ MR+}
   (You found it on level 4 of the Dungeon)

   It inflicts extra damage upon your enemies.
   It protects you from negative energy.
   It affects your resistance to hostile enchantments.
   It lets you turn invisible.
Jewellery
 v - a ring of magical power (left tentacle)
Wands
 a - a wand of flame (16)
 k - a wand of iceblast (5)
 s - a wand of acid (10)
 w - a wand of disintegration (19)
Scrolls
 e - 2 scrolls of enchant weapon {unknown}
 f - 10 scrolls of remove curse
 h - 2 scrolls of magic mapping {unknown}
 i - 4 scrolls of teleportation {unknown}
 j - 3 scrolls of amnesia {unknown}
 l - 2 scrolls of random uselessness {unknown}
 m - 4 scrolls of blinking
 r - 2 scrolls of fog
 u - 2 scrolls of fear
 x - a scroll of torment
 y - a scroll of silence {unknown}
Potions
 b - 2 potions of brilliance
 c - a potion of lignification
 n - 2 potions of mutation
 o - 5 potions of curing
 q - a potion of might
 z - a potion of cancellation
Comestibles
 d - 26 rations


   Skills:
 + Level 10.9 Fighting
 * Level 11.9 Polearms
 + Level 8.6 Dodging
 - Level 2.1 Evocations


You had 10 spell levels left.
You didn't know any spells.
Your spell library was empty.

Dungeon Overview and Level Annotations

Branches:
Dungeon (10/15)            Temple (1/1) D:5            Lair (0/6) D:9
    Orc (0/2) D:10

Altars:
Ashenzari
Cheibriados
Dithmenos
Elyvilon
Fedhas
Gozag
Hepliaklqana
Kikubaaqudgha
Makhleb
Nemelex Xobeh
Okawaru
Qazlal
Ru
Sif Muna
Trog
Uskayaw
Vehumet
Wu Jian
Xom
Yredelemnul
Zin
The Shining One
Beogh

Shops:
D:5 }   D:9 =

Annotations:
D:10 2 transporters


Innate Abilities, Weirdness & Mutations

You cannot wear most types of armour.
You are very stealthy in the water. (Stealth+)
You are amphibious.
You can wear up to eight rings at the same time.
You can use your tentacles to constrict eight enemies at once.
Your skin changes colour to match your surroundings (Stealth+).
Your rubbery body absorbs attacks. (AC +1, EV +1)


Message History

Attack whom?
Press: ? - help, Dir - move target cursor, f/p - orc warrior
Aim: an orc warrior, wielding a +0 halberd and wearing a +0 plate armour You reach to attack!
You barely miss the orc warrior. The orc warrior closely misses you.
The iguana hisses angrily.
The ogre shouts!
You slice the ice beast!! Your squeeze misses the ice beast.
The ice beast is almost dead.
You hear a shout!
The ice beast misses you.
The orc warrior hits you from afar with a +0 halberd!!
* * * LOW HITPOINT WARNING * * *
The ice beast hits you.
* * * LOW HITPOINT WARNING * * *
The ice beast freezes you.
* * * LOW HITPOINT WARNING * * *
You feel better. The ice beast completely misses you.
You feel yourself speed up.
The orc warrior hits you from afar with a +0 halberd!
You die...

#. .... #.. ... . ###
#..####.. .. .. +..
≈≈≈≈≈≈≈ ... ...##+ #...l#
...### #... ##....#
.....### #... #.....#
....... #...
#....o####....# ###+
#.....Y@......# #.
#.######.#....#########.
.........................
###.######.#.#..#########.
.......................
.##########.#######.###
.......†......[....
.######.#######.###
#..............#


You could see an orc warrior and an ice beast.

Vanquished Creatures
  Harold (D:7)
  A troll (D:9)
  Grinder (D:4)
  5 hippogriffs
  4 yaks
  Eustachio (D:4)
  A human (D:9)
  Menkaure (D:6)
  A water moccasin (D:5)
  Edmund (D:5)
  6 orc warriors
  4 phantoms
  3 sky beasts
  A black bear (D:8)
  2 necrophages
  An ice beast (D:10)
  An eye of draining (D:10)
  6 ogres
  A big kobold (D:9)
  5 bullfrogs
  A gnoll sergeant (D:9)
  2 scorpions
  5 wights (D:6)
  5 killer bees
  2 jellies (D:7)
  5 howler monkeys
  4 crimson imps
  A bullfrog zombie (D:9)
  3 hounds
  7 orc priests
  A centaur skeleton (D:5)
  13 orc wizards
  Ijyb (D:4)
  2 iguanas
  3 worker ants
  A killer bee zombie (D:9)
  2 hound zombies
  2 hound skeletons (D:5)
  A howler monkey zombie (D:10)
  A worker ant zombie (D:9)
  A howler monkey skeleton (D:9)
  8 gnolls
  15 adders
  2 shadow imps
  An ooze (D:3)
  2 adder skeletons
  2 worms
  A dart slug (D:3)
  8 leopard geckos
  49 orcs
  6 giant cockroaches
  13 goblins
  11 hobgoblins
  7 jackals
  8 kobolds
  2 quokkas
  A ball python (D:5)
  A ball python skeleton (D:5)
  9 bats
  3 frilled lizards
  A giant cockroach zombie (D:5)
  8 rats
  A plant (D:1)
269 creatures vanquished.

Vanquished Creatures (others)
  A wizard (D:3)
1 creature vanquished.

Grand Total: 270 creatures vanquished

Notes
Turn   | Place    | Note
-------+----------+-------------------------------------------
     0 | D:1      | Lanoc the Octopode Wanderer began the quest for the Orb.
     0 | D:1      | Lanoc set off with the following items: a wand of flame
                  | (15), a +0 spear, a potion of lignification, a ration
     0 | D:1      | Reached XP level 1. HP: 21/21 MP: 2/2
   306 | D:1      | Reached skill level 1 in Polearms
   306 | D:1      | Reached XP level 2. HP: 25/27 MP: 3/3
   856 | D:2      | Reached XP level 3. HP: 17/32 MP: 4/4
   877 | D:2      | Reached skill level 2 in Polearms
  1134 | D:2      | Reached XP level 4. HP: 25/38 MP: 5/5
  1548 | D:2      | Reached skill level 3 in Polearms
  1548 | D:2      | Reached XP level 5. HP: 41/43 MP: 6/6
  2094 | D:3      | Found a bloodstained altar of Trog.
  2095 | D:3      | Noticed a wizard
  2100 | D:3      | Killed a wizard
  2434 | D:3      | Reached XP level 6. HP: 49/49 MP: 7/7
  2739 | D:4      | Noticed Grinder
  2749 | D:4      | Killed Grinder
  2749 | D:4      | Reached skill level 4 in Polearms
  2823 | D:4      | Reached XP level 7. HP: 33/54 MP: 8/8
  2966 | D:4      | Noticed Eustachio
  2977 | D:4      | Killed Eustachio
  2977 | D:4      | Reached skill level 5 in Polearms
  3541 | D:4      | Noticed Ijyb
  3551 | D:4      | Killed Ijyb
  3846 | D:4      | Got a pitted glaive
  3847 | D:4      | Identified the +8 glaive "Bishogi" {chop, +Inv rN+ MR+}
                  | (You found it on level 4 of the Dungeon)
  3926 | D:4      | Found a white marble altar of Elyvilon.
  4022 | D:4      | Reached skill level 6 in Polearms
  4083 | D:4      | Reached XP level 8. HP: 57/61 MP: 9/9
  4354 | D:5      | Entered Level 5 of the Dungeon
  4378 | D:5      | Noticed Edmund
  4385 | D:5      | Killed Edmund
  4535 | D:5      | HP: 3/62 [poisoned by a water moccasin]
  4542 | D:4      | HP: 3/62 [poisoned by a water moccasin]
  4850 | D:5      | Found Ledaronao's Gadget Emporium.
  4860 | D:5      | Reached skill level 7 in Polearms
  4862 | D:5      | Reached skill level 5 in Dodging
  5201 | D:5      | Found a burning altar of Makhleb.
  5202 | D:5      | Found a radiant altar of Vehumet.
  5209 | D:5      | Became a worshipper of Makhleb the Destroyer
  5357 | D:5      | Found a staircase to the Ecumenical Temple.
  5366 | Temple   | Entered the Ecumenical Temple
  5689 | D:6      | Noticed Menkaure
  5696 | D:6      | Killed Menkaure
  5696 | D:6      | Reached skill level 8 in Polearms
  5696 | D:6      | Reached XP level 9. HP: 68/68 MP: 10/10
  6244 | D:6      | Found Zin's Purification Station.
  6253 | D:6      | Found a glowing silver altar of Zin.
  6262 | D:6      | Bought a potion of curing for 90 gold pieces
  6323 | D:6      | Got a warped quarterstaff
  6324 | D:6      | Identified the cursed +0 quarterstaff of Gyxuyg {drain, rF+
                  | MR+ Int-2} (You found it on level 6 of the Dungeon)
  7009 | D:7      | Reached skill level 9 in Polearms
  7104 | D:7      | Noticed Harold
  7119 | D:7      | Killed Harold
  7119 | D:7      | Reached * piety under Makhleb
  7119 | D:7      | Reached XP level 10. HP: 28/76 MP: 11/11
  7449 | D:7      | You fall through a shaft for 3 floors!
  7449 | D:10     | Entered Level 10 of the Dungeon
  7462 | D:10     | Reached skill level 10 in Polearms
  7467 | D:10     | Reached skill level 10 in Fighting
  7980 | D:10     | Noticed a great orb of eyes
  8000 | D:10     | Found a roughly hewn altar of Beogh.
  8000 | D:10     | Found a staircase to the Orcish Mines.
  8041 | D:10     | Reached ** piety under Makhleb
  8402 | D:10     | Found a transporter.
  8404 | D:10     | Found a transporter.
  8584 | D:10     | Found a blossoming altar of Fedhas.
  8755 | D:10     | Reached skill level 11 in Polearms
  9338 | D:9      | Found a shattered altar of Ashenzari.
  9359 | D:9      | Found a staircase to the Lair.
  9360 | D:9      | Found Cystrion's Jewellery Boutique.
  9415 | D:9      | Reached XP level 11. HP: 42/82 MP: 12/12
  9422 | D:9      | Reached *** piety under Makhleb
  9963 | D:9      | HP: 3/82 [gnoll sergeant/+0 long sword (14)]
 10755 | D:8      | Found a hazy altar of Hepliaklqana.
 10983 | D:8      | HP: 3/82 [ice beast (6)]
 10988 | D:8      | Slain by an orc warrior

Skill      XL: |  1  2  3  4  5  6  7  8  9 10 |
---------------+-------------------------------+-----
Polearms       | 1 2 3 4 6 8 9 11 | 11.9
Dodging        | 2 3 4 5 6 8 |  8.6
Fighting       | 8 9 10 | 10.9
Evocations     | |  2.1

Action                   |  1- 3 |  4- 6 |  7- 9 | 10-12 || total
-------------------------+-------+-------+-------+-------++-------
Melee: Spear             |   118 |   129 |    63 |       ||   310
       Constrict         |    29 |    32 |    34 |    31 ||   126
       Tentacles         |    26 |    16 |    31 |    24 ||    97
       Glaive            |       |       |   140 |   237 ||   377
  Use: Potion            |     1 |       |     8 |     2 ||    11
       Scroll            |       |       |     7 |     3 ||    10
 Stab: Sleeping          |     5 |     8 |     8 |     5 ||    26
       Distracted        |       |     1 |     2 |     1 ||     4
  Eat: Chunk             |     1 |     4 |    14 |    13 ||    32
Armor: Skin              |     6 |     3 |    10 |     7 ||    26
Dodge: Dodged            |    33 |    39 |   137 |   139 ||   348
